 Dungeon Crawl Stone Soup version 0.26.0-45-g9c1d065592 (webtiles) character file.

Game seed: 17049695702621250983

81 kaeus the Stinger (level 4, 0/29 HPs)
             Began as an Octopode Venom Mage on Jan 30, 2021.
             Killed by divine providence
             ... invoked by an orc priest
              (16 damage)
             ... on level 3 of the Dungeon.
             The game lasted 00:02:35 (2089 turns).

kaeus the Stinger (Octopode Venom Mage)             Turns: 2089, Time: 00:02:35

Health: 0/29       AC:  1    Str:  7    XL:     4   Next: 42%
Magic:  6/8        EV: 13    Int: 18    God:
Gold:   92         SH:  0    Dex: 12    Spells: 1/8 levels left

rFire    . . .     SeeInvis .   k - +0 spear (vorpal)
rCold    . . .     Faith    .   (no shield)
rNeg     . . .     Spirit   .   (helmet restricted)
rPois    .         Reflect  .   (no amulet)
rElec    .         Harm     .   b - ring of wizardry
rCorr    .         Rampage  .   (no ring)
Will     .....                  (no ring)
Stlth    +++.......             (no ring)
HPRegen  0.09/turn              (no ring)
MPRegen  0.11/turn              (no ring)
                                (no ring)
                                (no ring)

@: no status effects
A: almost no armour, stealthy swim, amphibious, 8 rings, constrict 8, camouflage
1, gelatinous body 1
a: no special abilities


You were on level 3 of the Dungeon.
You visited 1 branch of the dungeon, and saw 3 of its levels.

You collected 92 gold pieces.

Inventory:

Hand Weapons
 k - a +0 vorpal spear (weapon)
Jewellery
 b - a ring of wizardry (left tentacle)
Scrolls
 a - 2 scrolls of remove curse {unknown}
 g - 2 scrolls of teleportation {unknown}
 i - a scroll of amnesia {unknown}
 j - a scroll of fear {unknown}
Potions
 c - 2 potions of flight {unknown}
 e - a potion of brilliance {unknown}
 f - a potion of haste {unknown}
 h - 2 potions of curing {unknown}
 l - a potion of heal wounds {unknown}


   Skills:
 - Level 2.0 Fighting
 - Level 2.0 Dodging
 - Level 2.6 Stealth
 + Level 2.9 Spellcasting
 + Level 0.1 Conjurations
 - Level 1.0 Transmutations
 + Level 0.1 Fire Magic
 + Level 4.6 Poison Magic


You had one spell level left.
You knew the following spells:

 Your Spells              Type           Power        Failure   Level
a - Sting                 Tmut/Pois      48%          2%          1
b - Mephitic Cloud        Conj/Pois/Air  8%           11%         3
c - Ignite Poison         Fire/Tmut/Pois 9%           9%          3

Your spell library contained the following spells:

 Spells                   Type           Power        Failure   Level
 Poisonous Vapours        Pois/Air       20%          4%          2
 Olgreb's Toxic Radiance  Pois           19%          10%         4


Dungeon Overview and Level Annotations

Branches:
Dungeon (3/15)

Altars:
Qazlal

Annotations:
D:3 Sigmund


Innate Abilities, Weirdness & Mutations

You cannot wear most types of armour.
You are very stealthy in the water. (Stealth+)
You are amphibious.
You can wear up to eight rings at the same time.
You can use your tentacles to constrict eight enemies at once.
Your skin changes colour to match your surroundings (Stealth+).
Your rubbery body absorbs attacks. (AC +1, EV +1)


Message History

The orc is severely wounded.
There are monsters nearby!
You now have 6/8 mp.
You reach to attack!
You hit the orc.
You kill the orc!
A rat comes into view.
There are monsters nearby!
You reach to attack!
You hit the orc priest.
The orc priest is moderately wounded.
An orc comes into view. It is wielding a +0 vorpal flail.
There are monsters nearby!
You barely miss the orc priest.
The orc shouts!
Your grab misses the orc priest.
The orc priest is moderately wounded.
A rat comes into view.
The orc priest mumbles some strange prayers to Beogh against you.
Beogh smites you!
Ouch! That really hurt!
You die... . r## o.# #.# .ro

#. #o# #.#
#o# .. #.#
#@####...
#.###.#......
#.##....#
#.##..###
#.#...#
#######...#.#
#......).##.#
#.######.##.#
#.##..


You could see an orc priest, 3 orcs and 2 rats.

Vanquished Creatures
  3 adders (D:2)
  A worm (D:2)
  A dart slug (D:2)
  4 leopard geckos
  2 orcs (D:3)
  A giant cockroach (D:2)
  5 hobgoblins
  2 jackals (D:2)
  3 kobolds (D:1)
  7 bats
  5 frilled lizards
  6 goblins
  5 rats
45 creatures vanquished.

Notes
Turn   | Place    | Note
-------+----------+-------------------------------------------
     0 | D:1      | kaeus the Octopode Venom Mage began the quest for the Orb.
     0 | D:1      | Reached XP level 1. HP: 11/11 MP: 3/3
   287 | D:1      | Reached XP level 2. HP: 18/18 MP: 3/5
   369 | D:1      | Reached skill level 1 in Fighting
   425 | D:1      | Reached skill level 4 in Poison Magic
   869 | D:2      | Reached XP level 3. HP: 23/23 MP: 3/6
  1326 | D:2      | Reached XP level 4. HP: 29/29 MP: 6/8
  1519 | D:2      | Found a faded altar of an unknown god.
  1926 | D:2      | Noticed an air elemental
  1928 | D:2      | Found a stormy altar of Qazlal.
  1929 | D:2      | Noticed a water elemental
  1929 | D:2      | Noticed an earth elemental
  1929 | D:2      | Noticed a fire elemental
  2015 | D:2      | Learned a level 3 spell: Mephitic Cloud
  2019 | D:2      | Learned a level 3 spell: Ignite Poison
  2035 | D:3      | Noticed Sigmund
  2089 | D:3      | Killed from afar by an orc priest

Illustrated notes

Levels and vault maps discovered:
D:1:      amcnicky_arrival_blooded_trapdoor, layout_loops_ring
D:2:      layout_loops_cross, chequers_ecumenical_altar_simple_redux,
          nicolae_qazlal_style_of_elements
D:3:      minmay_chambers_of_twos, layout_rooms, overflow_temple_1_default,
          kennysheep_generic_room_7, uniq_sigmund

Skill      XL: |  1  2  3  4 |
---------------+-------------+-----
Fighting       | 1 2 |  2.0
Poison Magic   | 4 |  4.6
Dodging        | |  2.0
Stealth        | |  2.6
Spellcasting   | |  2.9
Conjurations   | |  0.1
Transmutations | |  1.0
Fire Magic     | |  0.1

Action                   |  1- 3 |  4- 6 || total
-------------------------+-------+-------++-------
Melee: Unarmed           |     4 |       ||     4
       Constrict         |    13 |     3 ||    16
       Short sword       |    37 |    13 ||    50
       Tentacles         |     7 |       ||     7
       Spear             |       |     5 ||     5
 Cast: Sting             |    42 |    12 ||    54
Armor: Skin              |     2 |     5 ||     7
Dodge: Dodged            |    25 |    10 ||    35
